 Dungeon Crawl Stone Soup version 0.29.1-15-g9cfb28693d (webtiles) character file.

Game seed: 11507776165081532722

487107 EarthwalkerPL the Slayer (level 23, 0/228 (234) HPs)
             Began as a Minotaur Fighter on Mar 31, 2023.
             Was the Champion of Okawaru.
             Slain by a stone giant (6 damage)
             ... in the Arena on Apr 2, 2023.
             The game lasted 03:07:46 (51105 turns).

EarthwalkerPL the Slayer (Minotaur Fighter)        Turns: 51105, Time: 03:07:47

HP:   0/228 (234)   AC: 38    Str: 31    XL:     23   Next: 81%
MP:   25/32         EV: 17    Int:  7    God:    Okawaru [******]
Gold: 4744          SH: 24    Dex: 22    Spells: 22/22 levels left

rFire   + + .      SeeInvis +   x - +7 broad axe "Otsaem" {speed, rN+ Will+ Dex+4}
rCold   + . .      Faith    .   c - +1 tower shield {rF+}
rNeg    + . .      Spirit   .   z - +2 crystal plate armour "Hetzoixkuyts" {rPois}
rPois   +          Reflect  .   L - +2 hat
rElec   +          Harm     .   H - scarf {rC+ rF+}
rCorr   .          Rampage  .   f - +0 pair of gloves "Lyothroo" {rElec Str+3}
Will    ++...                   j - +2 pair of boots
Stlth   ..........              y - amulet of regeneration
HPRegen 1.28/turn               a - ring of see invisible
MPRegen 0.23/turn               G - ring "Payni" {Fly Dex+6}

@: flying, studying Throwing, lightly drained, duelling
A: horns 2, retaliatory headbutt
}: 2/15 runes: barnacled, gossamer
a: Renounce Religion, Heroism, Finesse, Duel


You were in the Arena.
You worshipped Okawaru.
Okawaru was exalted by your worship.
You visited 9 branches of the dungeon, and saw 43 of its levels.
You visited 2 bazaars.
You also visited: Bailey and Ice Cave.

You collected 5424 gold pieces.
You spent 680 gold pieces at shops.

Inventory:

Hand Weapons
 w - a +9 broad axe of flaming
 x - the +7 broad axe "Otsaem" (weapon) {speed, rN+ Will+ Dex+4}
   (Okawaru gifted it to you on level 4 of the Depths)

   Attacks with this weapon are significantly faster.
   Dex:       It affects your dexterity (+4).
   rN:        It protects you from negative energy.
   Will:      It increases your willpower.
Missiles
 g - 4 silver boomerangs
 h - 41 poisoned darts
 s - 21 boomerangs (quivered)
 v - 4 silver javelins
 K - 25 javelins
Armour
 c - a +1 tower shield of fire resistance (worn)
 f - the +0 pair of gloves "Lyothroo" (worn) {rElec Str+3}
   (You found it on level 4 of the Lair of Beasts)

   Str:       It affects your strength (+3).
   rElec:     It insulates you from electricity.
 j - a +2 pair of boots (worn)
 z - the +2 crystal plate armour "Hetzoixkuyts" (worn) {rPois}
   (Okawaru gifted it to you on level 3 of the Shoals)

   rPois:     It protects you from poison.
 B - a scarf of repulsion
 H - a scarf of resistance (worn)
 L - a +2 hat (worn)
 U - the +1 kite shield of EarthwalkerPL's Duty {rCorr Str+4}
   (Okawaru gifted it to you on level 4 of the Spider Nest)

   Str:       It affects your strength (+4).
   rCorr:     It protects you from acid and corrosion.
 Y - the +3 Mad Mage's Maulers {Infuse+∞ RegenMP Int-3}
   (You found it on level 3 of the Depths)

   It empowers its wearer's blows with all of their magic.
   It causes its wearer's magical reserves to regenerate more quickly.
   Int:       It affects your intelligence (-3).
Jewellery
 a - a ring of see invisible (left hand)
 y - an amulet of regeneration (around neck)
 G - the ring "Payni" (right hand) {Fly Dex+6}
   (You found it on level 4 of the Shoals)

   [ring of dexterity]

   Dex:       It affects your dexterity (+6).
   Fly:       It grants you flight.
Wands
 q - a wand of quicksilver (25)
 u - a wand of mindburst (24)
 A - a wand of polymorph (20)
 V - a wand of digging (14)
 Z - a wand of flame (56)
Scrolls
 i - 3 scrolls of magic mapping
 n - 29 scrolls of teleportation
 o - 7 scrolls of poison
 p - 4 scrolls of blinking
 E - 2 scrolls of amnesia
 F - 6 scrolls of enchant weapon
 I - a scroll of brand weapon
 J - 6 scrolls of fog
 M - 2 scrolls of fear
 R - a scroll of enchant armour
 S - 5 scrolls of immolation
 T - 7 scrolls of vulnerability
 X - 2 scrolls of silence
Potions
 b - 7 potions of resistance
 d - 5 potions of might
 e - 16 potions of heal wounds
 k - 21 potions of curing
 l - 8 potions of cancellation
 m - 9 potions of haste
 r - 10 potions of attraction
 t - 3 potions of lignification
 C - 4 potions of berserk rage
 D - 3 potions of invisibility
 N - 8 potions of mutation
 O - 4 potions of magic
 Q - 8 potions of ambrosia
 W - 7 potions of brilliance
Miscellaneous
 P - a piece from Xom's chessboard (15/15)


   Skills:
 * Level 25.4 Fighting
 * Level 23.1 Axes
 + Level 17.4 Throwing
 * Level 23.1 Armour
 * Level 17.1 Dodging
 * Level 19.7 Shields
 + Level 13.4 Invocations


You had 22 spell levels left.
You didn't know any spells.
Your spell library contained the following spells:

 Spells                   Type           Power      Damage    Failure   Level
 Apportation              Tloc           0%         N/A       100%        1
 Beastly Appendage        Tmut           0%         N/A       100%        1
 Necrotise                Necr           0%         1d4       100%        1
 Sandblast                Erth           0%         2d4       100%        1
 Shock                    Conj/Air       0%         1d3       100%        1
 Slow                     Hex            0%         N/A       100%        1
 Sting                    Tmut/Pois      0%         1d3       100%        1
 Ensorcelled Hibernation  Hex/Ice        0%         N/A       100%        2
 Passwall                 Tmut/Erth      0%         N/A       100%        2
 Poisonous Vapours        Pois/Air       0%         N/A       100%        2
 Sublimation of Blood     Necr           0%         N/A       100%        2
 Wereblood                Tmut           0%         N/A       100%        2
 Confusing Touch          Hex            0%         N/A       100%        3
 Frozen Ramparts          Ice            0%         1d1       100%        3
 Ignite Poison            Fire/Tmut/Pois 0%         N/A       100%        3
 Mephitic Cloud           Conj/Pois/Air  0%         N/A       100%        3
 Ozocubu's Armour         Ice            0%         N/A       100%        3
 Portal Projectile        Hex/Tloc       0%         N/A       100%        3
 Spider Form              Tmut/Pois      0%         N/A       100%        3
 Stone Arrow              Conj/Erth      0%         3d7       100%        3
 Swiftness                Air            0%         N/A       100%        3
 Vampiric Draining        Necr           0%         2d6       100%        3
 Airstrike                Air            0%         2d(0-16)  100%        4
 Anguish                  Hex/Necr       0%         N/A       100%        4
 Corpse Rot               Necr/Pois/Air  0%         N/A       100%        4
 Dispel Undead            Necr           0%         3d6       100%        4
 Hailstorm                Conj/Ice       0%         3d3       100%        4
 Leda's Liquefaction      Hex/Erth       0%         N/A       100%        4
 Olgreb's Toxic Radiance  Pois           0%         N/A       100%        4
 Petrify                  Tmut/Erth      0%         N/A       100%        4
 Agony                    Necr           0%         N/A       100%        5
 Alistair's Intoxication  Tmut/Pois      0%         N/A       100%        5
 Blade Hands              Tmut           0%         N/A       100%        5
 Borgnjor's Vile Clutch   Necr/Erth      0%         N/A       100%        5
 Freezing Cloud           Conj/Ice/Air   0%         6-21      100%        5
 Irradiate                Conj/Tmut      0%         3d11      100%        5
 Lee's Rapid Deconstruct  Erth           0%         3d5*      100%        5
 Metabolic Englaciation   Hex/Ice        0%         N/A       100%        5
 Yara's Violent Unravell  Hex/Tmut       0%         3d3       100%        5
 Eringya's Noxious Bog    Tmut/Pois      0%         N/A       100%        6
 Statue Form              Tmut/Erth      0%         N/A       100%        6
 Enfeeble                 Hex            0%         N/A       100%        7
 Ozocubu's Refrigeration  Ice            0%         4d7       100%        7
 Borgnjor's Revivificati  Necr           0%         N/A       100%        8
 Ignition                 Fire           0%         3d3       100%        8
 Necromutation            Tmut/Necr      0%         N/A       100%        8
 Death's Door             Necr           0%         N/A       100%        9
 Polar Vortex             Ice            0%         N/A       100%        9
 Summon Small Mammal      Summ           Unusable   N/A       N/A         1
 Tukima's Dance           Hex            Unusable   N/A       N/A         3
 Summon Lightning Spire   Summ/Air       Unusable   N/A       N/A         4
 Summon Forest            Summ/Tloc      Unusable   N/A       N/A         5
 Death Channel            Necr           Unusable   N/A       N/A         6
 Simulacrum               Ice/Necr       Unusable   N/A       N/A         6
 Monstrous Menagerie      Summ           Unusable   N/A       N/A         7
 Summon Hydra             Summ           Unusable   N/A       N/A         7

Dungeon Overview and Level Annotations

Branches:
Dungeon (15/15)            Temple (1/1) D:4            Lair (5/5) D:10
 Shoals (4/4) Lair:3       Spider (4/4) Lair:3        Slime (0/5) Lair:5
    Orc (2/2) D:11            Elf (3/3) Orc:2        Vaults (5/5) D:14
  Crypt (0/3) Vaults:2     Depths (4/4) D:15            Zot (0/5) Depths:4
 Bailey (visited)           IceCv (visited)

Altars:
Ashenzari
Cheibriados
Dithmenos
Elyvilon
Fedhas
Gozag
Hepliaklqana
Kikubaaqudgha
Makhleb
Nemelex Xobeh
Okawaru
Qazlal
Ru
Sif Muna
Trog
Uskayaw
Vehumet
Wu Jian
Xom
Yredelemnul
Zin
The Shining One
Lugonu

Shops:
D:7 ?   D:15 (   Orc:2 *(**   Elf:1 [   Shoals:1 ?   Shoals:2 *   Depths:1 [

Portals:
Hell: Depths:1 Depths:2 Depths:3 Depths:4
Abyss: Depths:1 Depths:2 Depths:3
Pandemonium: Depths:2
Ziggurat: Depths:1
Trove: D:10 (lose all piety)

Annotations:
Vaults:4 8 runed translucent doors, Pelama's ghost, veteran FoCj


Innate Abilities, Weirdness & Mutations

You have a pair of horns on your head.
You reflexively headbutt those who attack you in melee.


Message History

You barely miss the yaktaur captain. You hit the quicksilver dragon.
You hit the dread lich.
The Ice Fiend calls on the powers of darkness!
The stone giant convulses!
The fire giant convulses!
The golden dragon convulses!
The quicksilver dragon convulses!
The ironbound preserver convulses!
Your body is wracked with pain!
* * * LOW HITPOINT WARNING * * *
The stone giant convulses!
The storm dragon convulses!
The yaktaur captain convulses!
The stone giant convulses!
The deep elf sorcerer convulses!
The yaktaur captain convulses!
The stone giant convulses!
The vault guard convulses!
The ironbound convoker convulses!
The vault warden convulses! x2
The vault sentinel convulses!
You block the war gargoyle's attack.
The deep elf annihilator casts a spell.
The deep elf annihilator blinks!
The yaktaur captain hits you but does no damage.
You block the tentacled monstrosity's attack. x2
The tentacled monstrosity tentacle-slaps you but does no damage.
The tentacled monstrosity constricts you.
The dread lich misses you. You furiously retaliate!
You headbutt the dread lich, but do no damage.
The stone giant hits you!
* * * LOW HITPOINT WARNING * * *
The dread lich touches you but does no damage.
Unknown command.
Aiming: Duel (2% risk of failure)
Press: ? - help, Dir - move target, f - stone giant
Aim: a stone giant, quivering large rocks (severely wounded)
You enter into single combat with the stone giant!
The tentacled monstrosity loses its grip on you.
The world spins around you as you enter the gateway.
You enter Okawaru's Arena!
The spectator shouts! x13
Found a gate leading back out of this place.
There is an empty arch of ancient stone here.
You slice the stone giant!!
The stone giant is almost dead.
The stone giant hits you.
You die...
Okawaru crowns the stone giant victorious!

###########
#p.p▓∩▓p.p#
#.▓▓▓▓▓▓▓.#
#p▓.....▓p#
#.▓...C.▓.#
#p▓..@..▓p#
#.▓.....▓.#
#p▓.....▓p#
#.▓▓▓▓▓▓▓.#
#p.p.p.p.p#
###########


You could see a stone giant.

Vanquished Creatures
  A juggernaut (Depths:2)
  Xtahua (Vaults:3)
  Bai Suzhen (Spider:3)
  Saint Roka (Vaults:4)
  4 golden dragons
  Jory (Depths:4)
  Nikola (Spider:3)
  A bone dragon (Depths:4)
  Rupert (Orc:2)
  A walking crystal tome (Depths:3)
  4 liches
  2 tentacled monstrosities
  Jorgrun (Orc:1)
  3 deep elf blademasters
  2 walking earthen tomes
  A walking divine tome (Depths:2)
  2 deep elf master archers
  A titan (Depths:3)
  A walking frostbound tome (Depths:2)
  Polyphemus (Shoals:2)
  An ancient champion (Vaults:2)
  Agnes (Spider:3)
  2 krakens
  Kirke (Shoals:4)
  4 sphinxes
  2 shadow dragons
  Donald (Orc:2)
  Roxanne (D:15)
  8 fire giants
  4 storm dragons
  6 tengu reavers
  A draconian knight (Depths:4)
  4 frost giants
  7 deep elf sorcerers
  A draconian scorcher (Depths:4)
  13 vault wardens
  4 ghost moths
  The ghost of Bolleh the Thaumaturge, a journeyman GnSk of Makhleb (Spider:4)
  6 emperor scorpions (Spider:4)
  3 deep elf elementalists (Elf:2)
  3 spriggan defenders
  14 stone giants
  13 ironbound preservers
  5 ironbound thunderhulks
  4 war gargoyles
  30 very ugly things
  A broodmother (Spider:4)
  The ghost of Emoille the Brawler, a journeyman DrMo of Jiyva (Lair:4)
  Nessos (D:12)
  2 vampire knights
  2 green draconians (Depths:4)
  6 deep elf demonologists (Elf:3)
  6 deep elf annihilators
  23 dire elephants
  Azrael (Orc:2)
  A yellow draconian (Depths:4)
  A white draconian (Depths:4)
  6 entropy weavers
  2 spark wasps (Spider:3)
  A purple draconian (Depths:4)
  Snorg (D:11)
  A red draconian (Depths:4)
  8 ettins
  16 fire dragons
  3 crystal guardians
  3 merfolk javelineers
  8 deep elf death magi
  13 merfolk impalers
  The ghost of Jirphamp the Severer, a journeyman MiBe of Trog (Lair:3)
  17 yaktaur captains
  7 deep elf high priests
  A quicksilver dragon skeleton (Vaults:4)
  22 vault guards
  2 caustic shrike simulacra (IceCv)
  11 ice dragons
  4 peacekeepers
  The ghost of MrZuerg the Nimble, a journeyman MfGl of Uskayaw (D:9)
  10 great orbs of eyes
  3 hydras
  10 boulder beetles
  8 ironbound frosthearts
  5 rakshasas
  Erolcha (Orc:1)
  5 ogre magi
  4 spriggan air magi
  4 catoblepae
  4 merfolk aquamancers
  Erica (D:11)
  7 centaur warriors
  2 merfolk avatars
  21 two-headed ogres
  13 deep troll shamans
  A radroach (Spider:4)
  9 tengu warriors
  A vampire mage (Depths:1)
  2 satyrs
  A death scarab (Spider:1)
  27 dancing weapons
  Urug (Lair:4)
  6 deep troll earth magi
  5 hell knights
  5 spriggan berserkers
  13 death yaks
  24 deep elf knights
  10 iron trolls
  A sun moth (Spider:3)
  A sixfirhy (D:11)
  A salamander mystic (Depths:1)
  66 deep trolls
  7 pharaoh ants
  8 sea snakes
  4 glowing orange brains
  A skeletal warrior (D:14)
  2 steelbarb worms (Spider:4)
  A steelbarb worm (shapeshifter) (Elf:1)
  2 orange crystal statues (IceCv)
  5 wizards
  6 orb spiders
  14 deep elf archers
  6 lindwurms
  13 harpies
  19 ironbound convokers
  2 flayed ghosts
  A harpy (shapeshifter) (Elf:3)
  34 deep elf zephyrmancers
  A necromancer (Vaults:4)
  Pikel (D:7)
  25 deep elf pyromancers
  2 orc sorcerers
  11 fauns
  An oklob plant (Lair:3)
  18 wolf spiders
  A wolf spider (shapeshifter) (Depths:2)
  61 ugly things
  8 cyclopes
  2 salamanders (Depths:1)
  9 elephants (Lair:5)
  3 moths of wrath
  22 manticores
  9 merfolk sirens
  8 black mambas
  A human skeleton (Vaults:4)
  2 molten gargoyles (Lair:5)
  20 cane toads
  10 torpor snails
  7 water nymphs
  Maggie (D:7)
  An unseen horror (D:12)
  14 vault sentinels
  Psyche (D:12)
  3 centaur skeletons (D:14)
  2 gargoyles
  A rime drake (shapeshifter) (Depths:3)
  8 demonic crawlers
  A kobold demonologist (D:11)
  A komodo dragon (shapeshifter) (Elf:2)
  57 yaktaurs
  An efreet (D:14)
  10 komodo dragons
  An unseen horror zombie (D:9)
  An elf zombie (Vaults:4)
  4 tengu conjurers
  8 freezing wraiths
  A yaktaur (shapeshifter) (Depths:3)
  2 anaconda simulacra (IceCv)
  7 rime drakes (Lair:4)
  4 red devils (Elf:2)
  A guardian mummy (D:10)
  28 merfolk
  3 polar bears
  A blink frog (shapeshifter) (Elf:3)
  10 wind drakes
  8 trolls
  11 tarantellas
  Prince Ribbit (D:7)
  40 slime creatures
  7 dream sheep
  22 blink frogs
  A harpy skeleton (D:14)
  9 snapping turtles
  A spriggan (shapeshifter) (D:13)
  An air elemental (Elf:1)
  21 culicivoras
  28 jumping spiders
  A centaur simulacrum (D:14)
  8 water elementals
  A vampire (D:11)
  Sigmund (D:6)
  A spriggan (Bailey)
  17 wyverns
  51 yaks
  6 hogs (Shoals:4)
  Eustachio (D:4)
  A basilisk (shapeshifter) (D:14)
  A dire elephant simulacrum (IceCv)
  12 basilisks
  A human (Shoals:4)
  2 steam dragons (Lair:5)
  6 fire elementals
  50 redbacks
  A yaktaur simulacrum (Vaults:4)
  2 vampire mosquitoes (D:10)
  3 hydra simulacra (IceCv)
  2 wargs
  A harpy simulacrum (IceCv)
  3 acid dragons
  3 floating eyes
  7 hell hounds
  15 water moccasins
  A floating eye (shapeshifter) (Vaults:4)
  3 ettin simulacra (IceCv)
  A glowing shapeshifter skeleton (Vaults:4)
  2 black bears (shapeshifter)
  16 orc warriors
  4 black bears
  5 ice beasts
  3 alligator simulacra (IceCv)
  8 wolves (Lair:5)
  13 centaurs
  33 ogres
  7 bullfrogs
  A necrophage (D:7)
  2 gnoll sergeants
  A wyvern zombie (D:9)
  2 earth elementals
  5 scorpions
  10 wights
  2 lindwurm simulacra (IceCv)
  5 howler monkeys
  A vampire bat (D:8)
  4 electric eels
  2 lava snakes (Lair:5)
  2 jellies
  6 orc priests
  3 hounds
  4 iguanas
  Ijyb (D:5)
  15 orc wizards
  4 hell rats (Lair:4)
  17 gnolls
  9 adders
  2 shadow imps
  2 white imps
  An ufetubus (D:4)
  A worm (D:2)
  4 dart slugs
  54 orcs
  4 endoplasms
  5 giant cockroaches
  8 goblins
  8 hobgoblins
  2 jackals (D:3)
  2 quokkas (D:3)
  5 ball pythons
  8 bats
  10 frilled lizards
  6 kobolds
  7 rats
  6 tentacles
1809 creatures vanquished.

Vanquished Creatures (others)
  A lich (Vaults:5)
  An emperor scorpion (Spider:4)
  A spark wasp (Depths:2)
  A deep elf zephyrmancer (Elf:2)
  A tarantella (Spider:4)
  A merfolk (Shoals:4)
  2 bushes (D:10)
  35 fungi
  94 plants
  16 tentacles
153 creatures vanquished.

Grand Total: 1962 creatures vanquished

Notes
Turn   | Place    | Note
-------+----------+-------------------------------------------
     0 | D:1      | EarthwalkerPL the Minotaur Fighter began the quest for the
                  | Orb.
     0 | D:1      | Reached XP level 1. HP: 19/19 MP: 0/0
   109 | D:1      | Reached XP level 2. HP: 20/27 MP: 1/1
   460 | D:1      | Reached skill level 4 in Fighting
   800 | D:2      | Reached XP level 3. HP: 33/33 MP: 2/2
   882 | D:2      | You fall into a shaft and drop 2 floors!
   982 | D:4      | Reached XP level 4. HP: 32/41 MP: 3/3
  1175 | D:2      | Found a white marble altar of Elyvilon.
  2263 | D:4      | Reached XP level 5. HP: 43/47 MP: 4/4
  2295 | D:4      | Noticed Eustachio
  2318 | D:4      | Killed Eustachio
  2319 | D:4      | Reached skill level 5 in Fighting
  2319 | D:4      | Reached skill level 5 in Armour
  2319 | D:4      | Reached XP level 6. HP: 32/56 MP: 5/5
  2778 | D:4      | Found a staircase to the Ecumenical Temple.
  2787 | Temple   | Entered the Ecumenical Temple
  2886 | Temple   | Became a worshipper of Warmaster Okawaru
  3015 | Temple   | Reached skill level 5 in Axes
  3342 | D:4      | Reached XP level 7. HP: 62/62 MP: 6/6
  3350 | D:4      | Reached skill level 6 in Fighting
  3350 | D:4      | Reached skill level 5 in Shields
  3384 | D:4      | Reached * piety under Okawaru
  3820 | D:5      | Entered Level 5 of the Dungeon
  3949 | D:5      | Found a broken altar of Ashenzari.
  3952 | D:5      | Noticed Ijyb
  3988 | D:5      | Killed Ijyb
  4287 | D:5      | Reached ** piety under Okawaru
  4574 | D:5      | Reached skill level 7 in Fighting
  4574 | D:5      | Reached XP level 8. HP: 61/73 MP: 7/7
  4995 | D:6      | Noticed Sigmund
  5131 | D:6      | Killed Sigmund
  5516 | D:6      | Reached skill level 8 in Fighting
  5661 | D:6      | Reached *** piety under Okawaru
  5662 | D:6      | Reached XP level 9. HP: 46/82 MP: 8/8
  6542 | D:7      | Noticed Prince Ribbit
  6547 | D:7      | Killed Prince Ribbit
  6548 | D:7      | Reached skill level 9 in Fighting
  6655 | D:7      | Found Fiury's Magic Scroll Shop.
  6663 | D:7      | Bought a scroll of identify for 24 gold pieces
  6769 | D:7      | Noticed Pikel
  6780 | D:7      | Killed Pikel
  6780 | D:7      | Reached **** piety under Okawaru
  7520 | D:7      | Noticed Maggie
  7540 | D:7      | Killed Maggie
  7865 | D:7      | Reached XP level 10. HP: 88/93 MP: 7/9
  7934 | D:7      | Reached skill level 10 in Fighting
  8110 | D:7      | Reached skill level 10 in Armour
  8518 | D:8      | Identified a scroll of acquirement
  8525 | D:8      | Acquired a manual of Fighting
  8539 | D:8      | Found a flagged portal.
  8603 | Bailey   | Entered a bailey
  8638 | Bailey   | Reached ***** piety under Okawaru
  8719 | Bailey   | Reached skill level 1 in Throwing
  8739 | Bailey   | Reached skill level 10 in Axes
  8748 | Bailey   | Noticed a two-headed ogre
  8759 | Bailey   | Killed a two-headed ogre
  8759 | Bailey   | Received a gift from Okawaru
  8760 | Bailey   | Reached skill level 1 in Dodging
  8760 | Bailey   | Reached skill level 1 in Invocations
  8888 | Bailey   | Reached skill level 11 in Fighting
  8907 | Bailey   | Identified the +0 fire dragon scales of the Stone Wall
                  | {rF++ rC- Str+5}
  9392 | D:9      | Found a bloodstained altar of Trog.
  9447 | D:9      | Found a runed translucent gate.
  9447 | D:9      | Found a runed translucent gate.
  9447 | D:9      | Found a runed translucent gate.
  9447 | D:9      | Noticed MrZuerg's ghost (journeyman MfGl)
  9468 | D:9      | Found a basalt altar of Yredelemnul.
  9770 | D:9      | Reached XP level 11. HP: 104/104 MP: 11/11
 10041 | D:9      | Reached skill level 12 in Fighting
 10142 | D:10     | Entered Level 10 of the Dungeon
 10203 | D:10     | Found a staircase to the Lair.
 10275 | D:10     | Found a shimmering altar of Xom.
 10509 | D:10     | Noticed a two-headed ogre
 10623 | D:10     | Received a gift from Okawaru
 10795 | D:10     | Found a portal to a secret trove of treasure.
 11073 | D:10     | Reached skill level 13 in Fighting
 11152 | Lair:1   | Entered Level 1 of the Lair of Beasts
 11201 | Lair:1   | Reached skill level 5 in Throwing
 11395 | Lair:1   | Received a gift from Okawaru
 11737 | Lair:1   | Reached XP level 12. HP: 96/116 MP: 13/13
 12092 | Lair:1   | Received a gift from Okawaru
 12253 | Lair:2   | Reached ****** piety under Okawaru
 12336 | Lair:2   | Reached skill level 14 in Fighting
 12574 | Lair:2   | Identified the +1 ring mail of Minor Irritation {Fly rElec
                  | Int-4 Dex-3} (Okawaru gifted it to you on level 2 of the
                  | Lair of Beasts)
 12574 | Lair:2   | Received a gift from Okawaru
 12757 | Lair:2   | Acquired a manual of Throwing
 13413 | Lair:3   | Found a blossoming altar of Fedhas.
 13486 | Lair:3   | Found a runed translucent gate.
 13487 | Lair:3   | Found a runed translucent gate.
 13488 | Lair:3   | Found a runed translucent gate.
 13489 | Lair:3   | Noticed Jirphamp's ghost (journeyman MiBe)
 13875 | Lair:3   | Reached skill level 15 in Fighting
 14040 | Lair:3   | Reached skill level 5 in Dodging
 14046 | Lair:3   | Found a hole to the Spider Nest.
 14190 | Lair:3   | Found a staircase to the Shoals.
 14612 | Lair:4   | Found a snail-covered altar of Cheibriados.
 14672 | Lair:4   | Reached skill level 5 in Invocations
 14701 | Lair:4   | Identified the +7 war axe of Okawaru's Regard {drain,
                  | Str+3} (Okawaru gifted it to you on level 4 of the Lair of
                  | Beasts)
 14701 | Lair:4   | Received a gift from Okawaru
 14721 | Lair:4   | Reached XP level 13. HP: 128/128 MP: 15/15
 14740 | Lair:4   | Noticed Urug
 14861 | Lair:4   | Killed Urug
 14906 | Lair:4   | Found a transporter.
 14908 | Lair:4   | Acquired a +5 broad axe of freezing
 14957 | Lair:4   | Reached skill level 16 in Fighting
 15093 | Lair:4   | Noticed Emoille's ghost (journeyman DrMo)
 15116 | Lair:4   | Found a transporter.
 15290 | Lair:4   | Reached skill level 10 in Shields
 15462 | Lair:5   | Entered Level 5 of the Lair of Beasts
 15491 | Lair:5   | Identified the +5 buckler "Socliw" {rElec Str+3 Int+4}
                  | (Okawaru gifted it to you on level 5 of the Lair of Beasts)
 15491 | Lair:5   | Received a gift from Okawaru
 15553 | Lair:5   | Reached skill level 17 in Fighting
 15734 | Lair:5   | Found a staircase to the Slime Pits.
 15942 | Lair:5   | Reached XP level 14. HP: 125/140 MP: 17/17
 15948 | Lair:5   | Received a gift from Okawaru
 16469 | Lair:5   | Reached skill level 18 in Fighting
 16559 | Lair:5   | Found a large runed translucent door.
 16568 | Lair:5   | Found a large runed translucent door.
 16689 | Lair:5   | Received a gift from Okawaru
 16817 | Lair:5   | Identified the +6 trident "Utikk" {freeze, Int+7}
 17086 | D:11     | Found a runed translucent door.
 17145 | D:11     | Noticed Snorg
 17150 | D:11     | Killed Snorg
 17382 | D:11     | Found a staircase to the Orcish Mines.
 17386 | D:11     | Identified the +1 buckler of Batel {Fly} (Okawaru gifted it
                  | to you on level 11 of the Dungeon)
 17386 | D:11     | Received a gift from Okawaru
 17396 | D:11     | Noticed Erica
 17694 | D:11     | Killed Erica
 17991 | D:12     | Noticed Nessos
 18003 | D:12     | Killed Nessos
 18205 | D:12     | Reached skill level 15 in Armour
 18272 | D:12     | Noticed Psyche
 18279 | D:12     | Killed Psyche
 18998 | D:13     | Reached skill level 15 in Axes
 19124 | D:13     | Reached skill level 10 in Throwing
 19169 | D:13     | Found a snail-covered altar of Cheibriados.
 19955 | D:14     | Received a gift from Okawaru
 19956 | D:14     | Reached skill level 19 in Fighting
 19956 | D:14     | Reached XP level 15. HP: 99/152 MP: 19/19
 20103 | D:14     | Identified the +2 hat of the Watermelon {Int-4 Dex+4}
                  | (Okawaru gifted it to you on level 14 of the Dungeon)
 20103 | D:14     | Received a gift from Okawaru
 20519 | D:14     | Found a gate to the Vaults.
 21029 | Orc:1    | Entered Level 1 of the Orcish Mines
 21309 | Orc:2    | Entered Level 2 of the Orcish Mines
 21309 | Orc:2    | Noticed Rupert
 21392 | Orc:2    | Found a flickering gateway to a bazaar.
 21401 | Bazaar   | Entered a bazaar
 21401 | Bazaar   | Found Dazxaimnyf's Magic Scroll Emporium.
 21402 | Bazaar   | Found Boubyl's General Store.
 21408 | Bazaar   | Found Uduav's Distillery.
 21415 | Bazaar   | Found Zaoluhus's Book Shop.
 21476 | Bazaar   | Bought a scroll of enchant weapon for 82 gold pieces
 21476 | Bazaar   | Bought a scroll of teleportation for 33 gold pieces
 21476 | Bazaar   | Bought a scroll of magic mapping for 82 gold pieces
 21565 | Orc:2    | Killed Rupert
 21573 | Orc:2    | Noticed Azrael
 21574 | Orc:2    | Identified the +2 kite shield of the Lute {rN++ Str+3}
 21574 | Orc:2    | Noticed Donald
 21944 | Orc:2    | Killed Donald
 21970 | Orc:1    | Noticed Erolcha
 21970 | Orc:1    | Noticed Jorgrun
 22036 | Orc:2    | Killed Azrael
 22209 | Orc:2    | Found a staircase to the Elven Halls.
 22384 | Orc:2    | Received a gift from Okawaru
 22591 | Orc:2    | Found Ihaus's Assorted Antiques.
 22591 | Orc:2    | Found Zala's Weapon Shoppe.
 22592 | Orc:2    | Found Kyitt's General Store.
 22592 | Orc:2    | Found Emaec's General Store.
 22829 | Orc:1    | Killed Erolcha
 22829 | Orc:1    | Received a gift from Okawaru
 22837 | Orc:1    | Killed Jorgrun
 23116 | D:9      | Killed MrZuerg's ghost
 23347 | Spider:1 | Entered Level 1 of the Spider Nest
 23497 | Lair:3   | Reached XP level 16. HP: 92/162 MP: 21/21
 24032 | Spider:1 | Reached skill level 20 in Fighting
 24035 | Spider:1 | Received a gift from Okawaru
 25608 | Spider:3 | Noticed Nikola
 25625 | Spider:3 | Killed Nikola
 25629 | Spider:3 | Noticed Agnes
 25639 | Spider:3 | Killed Agnes
 25816 | Spider:3 | Noticed Bai Suzhen
 25838 | Spider:3 | Killed Bai Suzhen
 26326 | Spider:4 | Entered Level 4 of the Spider Nest
 26698 | Spider:4 | Received a gift from Okawaru
 26724 | Spider:4 | Found a runed translucent door.
 27079 | Spider:4 | Reached XP level 17. HP: 157/172 MP: 0/22
 27398 | Spider:4 | Got a gossamer rune of Zot
 27431 | Spider:4 | Noticed Bolleh's ghost (journeyman GnSk)
 27466 | Spider:4 | Identified the +1 kite shield of EarthwalkerPL's Duty
                  | {rCorr Str+4} (Okawaru gifted it to you on level 4 of the
                  | Spider Nest)
 27466 | Spider:4 | Received a gift from Okawaru
 27473 | Spider:4 | Reached skill level 10 in Dodging
 27815 | Spider:4 | Killed Bolleh's ghost
 28078 | Lair:3   | Killed Jirphamp's ghost
 28169 | Lair:4   | Killed Emoille's ghost
 28209 | Lair:4   | Identified the +0 pair of gloves "Lyothroo" {rElec Str+3}
 28320 | Shoals:1 | Entered Level 1 of the Shoals
 28658 | Shoals:1 | Found a frozen archway.
 28680 | IceCv    | Entered an ice cave
 28695 | IceCv    | Reached skill level 21 in Fighting
 29102 | IceCv    | Identified the +4 robe of Mysticism {Dex+2}
 29224 | Shoals:1 | Identified the +1 chain mail "Fipnui" {SInv}
 29358 | Shoals:1 | Found Baq Xeiqe's Magic Scroll Emporium.
 29366 | Shoals:1 | Bought a scroll of brand weapon for 171 gold pieces
 29567 | Shoals:1 | Noticed a kraken
 29611 | Shoals:1 | Killed a kraken
 29611 | Shoals:1 | Received a gift from Okawaru
 29970 | Shoals:2 | Found Digiciomn's CLEARANCE SALE!.
 29996 | Shoals:2 | Bought 2 boomerangs for 3 gold pieces
 29996 | Shoals:2 | Bought a potion of heal wounds for 15 gold pieces
 29996 | Shoals:2 | Bought a scroll of fear for 12 gold pieces
 30372 | Shoals:2 | Noticed Polyphemus
 30385 | Shoals:2 | Killed Polyphemus
 30450 | Shoals:2 | Received a gift from Okawaru
 31082 | Shoals:3 | Reached XP level 18. HP: 50/182 MP: 24/24
 31290 | Shoals:3 | Identified the +2 crystal plate armour "Hetzoixkuyts"
                  | {rPois} (Okawaru gifted it to you on level 3 of the Shoals)
 31290 | Shoals:3 | Received a gift from Okawaru
 31315 | Shoals:3 | Identified the +6 shortbow of the Glowing Gods {freeze,
                  | rPois rF+ Will+ Dex+5}
 32090 | Shoals:4 | Entered Level 4 of the Shoals
 32090 | Shoals:4 | Noticed Kirke
 32105 | Shoals:4 | Killed Kirke
 32162 | Shoals:4 | Reached skill level 10 in Invocations
 32509 | Shoals:4 | Got a barnacled rune of Zot
 32681 | Shoals:4 | Identified the ring "Payni" {Fly Dex+6}
 33539 | D:15     | Entered Level 15 of the Dungeon
 33547 | D:15     | Identified Roxanne's Lessons on the Ground
 33547 | D:15     | Noticed Roxanne
 33903 | D:15     | Found Omoho's Weapon Boutique.
 34080 | D:15     | Received a gift from Okawaru
 34109 | D:15     | Received a gift from Okawaru
 34133 | D:15     | Reached skill level 22 in Fighting
 34366 | D:15     | Found a staircase to the Depths.
 34470 | D:15     | Killed Roxanne
 34470 | D:15     | Identified the +0 pair of gloves "Seomeoda" {Int+2}
                  | (Okawaru gifted it to you on level 15 of the Dungeon)
 34470 | D:15     | Received a gift from Okawaru
 34543 | Depths:1 | Entered Level 1 of the Depths
 34755 | Depths:1 | Found Winitat's Antique Armour Emporium.
 34763 | Depths:1 | Found a one-way gate to the infinite horrors of the Abyss.
 34983 | Depths:1 | Found a one-way gateway to a ziggurat.
 35240 | Depths:1 | Reached XP level 19. HP: 191/192 MP: 25/25
 35447 | Depths:1 | Found a gateway to Hell.
 35829 | Depths:1 | Found an iron altar of Okawaru.
 36014 | Depths:2 | Identified the +1 scale mail of the Villain {Harm Str-4
                  | Stlth+} (Okawaru gifted it to you on level 2 of the Depths)
 36014 | Depths:2 | Received a gift from Okawaru
 36083 | Depths:2 | Paralysed by a great orb of eyes for 2 turns
 36187 | Depths:2 | Reached skill level 15 in Shields
 36191 | Depths:2 | Identified the +4 rapier of Wu Jian's Whim {freeze, rF+
                  | Int+4}
 36203 | Depths:2 | Found a transporter.
 36554 | Depths:2 | Found a transporter.
 36602 | Depths:2 | Found a one-way gate leading to the halls of Pandemonium.
 36718 | Depths:2 | Found a blossoming altar of Fedhas.
 36766 | Depths:2 | Identified the ring "Nuihiej" {rPois Int+3}
 36993 | Depths:2 | Identified the ring "Bojuab" {+Blink EV+4}
 37190 | Depths:2 | Found a basalt altar of Yredelemnul.
 37222 | Depths:2 | Received a gift from Okawaru
 37232 | Depths:2 | Identified the ring of Tuxaxiu {EV+4 Str+6}
 37254 | Depths:2 | Noticed a juggernaut
 37274 | Depths:2 | Killed a juggernaut
 37277 | Depths:2 | Received a gift from Okawaru
 37419 | Depths:2 | Identified the +0 chain mail "Astreg Woidgh" {-Tele Fly
                  | Will+ Slay+2}
 37611 | Depths:2 | Identified the +8 battleaxe of the Visionary {freeze,
                  | Will++ Int+2} (Okawaru gifted it to you on level 2 of the
                  | Depths)
 37611 | Depths:2 | Received a gift from Okawaru
 37697 | Depths:3 | Paralysed by a floating eye for 2 turns
 37795 | Depths:3 | Noticed a golden dragon
 37814 | Depths:3 | Killed a golden dragon
 38065 | Depths:3 | Reached XP level 20. HP: 71/202 MP: 27/27
 38212 | Depths:3 | Received a gift from Okawaru
 38242 | Depths:3 | Noticed a golden dragon
 38252 | Depths:3 | Killed a golden dragon
 38252 | Depths:3 | Received a gift from Okawaru
 38307 | Depths:3 | Found the +3 Mad Mage's Maulers {Infuse+∞ RegenMP Int-3}
 38322 | Depths:3 | Got the Papyrus of Bloodstone
 38417 | Depths:3 | Identified the +2 cloak of Whack-A-Mole {rF+ Str+9 Dex-3}
                  | (Okawaru gifted it to you on level 3 of the Depths)
 38417 | Depths:3 | Received a gift from Okawaru
 38683 | Depths:3 | Reached skill level 23 in Fighting
 38684 | Depths:3 | Reached skill level 15 in Throwing
 39008 | Depths:3 | Found a corrupted altar of Lugonu.
 39289 | Depths:4 | Entered Level 4 of the Depths
 39746 | Depths:4 | Found a hazy altar of Hepliaklqana.
 39914 | Depths:4 | Noticed a golden dragon
 39949 | Depths:4 | Killed a golden dragon
 40022 | Depths:4 | Identified the +7 broad axe "Otsaem" {speed, rN+ Will+
                  | Dex+4} (Okawaru gifted it to you on level 4 of the Depths)
 40022 | Depths:4 | Received a gift from Okawaru
 40340 | Depths:4 | Noticed Jory
 40348 | Depths:4 | Killed Jory
 40578 | Depths:4 | Noticed a bone dragon
 40609 | Depths:4 | Killed a bone dragon
 40648 | Depths:4 | Found a gate to the Realm of Zot.
 40926 | Elf:1    | Entered Level 1 of the Elven Halls
 40939 | Elf:1    | Received a gift from Okawaru
 41039 | Elf:1    | Found Paeb's Antique Armour Shoppe.
 41194 | Elf:1    | Paralysed by an air elemental for 1 turns
 41269 | Elf:1    | Received a gift from Okawaru
 41558 | Elf:2    | Found a flickering gateway to a bazaar.
 41562 | Elf:2    | Received a gift from Okawaru
 41575 | Elf:2    | Reached XP level 21. HP: 212/212 MP: 28/28
 41602 | Bazaar   | Entered a bazaar
 41606 | Bazaar   | Found Hywkutsa's Armour Boutique.
 41622 | Bazaar   | Found Uneg's Book Shop.
 41623 | Bazaar   | Found Cofakh's Magic Scroll Emporium.
 41630 | Bazaar   | Found Vock's Armour Emporium.
 41634 | Bazaar   | Bought a scroll of teleportation for 33 gold pieces
 41634 | Bazaar   | Bought a scroll of teleportation for 33 gold pieces
 41634 | Bazaar   | Bought a scroll of poison for 44 gold pieces
 41639 | Bazaar   | Found Mulux's Antique Armour Shoppe.
 41640 | Bazaar   | Bought a +1 tower shield of fire resistance for 148 gold
                  | pieces
 42106 | Elf:2    | Found a runed translucent gate.
 42107 | Elf:2    | Found a runed translucent gate.
 42108 | Elf:2    | Found a runed translucent gate.
 42305 | Elf:2    | Received a gift from Okawaru
 42594 | Elf:3    | Entered Level 3 of the Elven Halls
 42674 | Elf:3    | Identified the +1 scale mail of Bahu {rF+ Str-4 Int+5}
                  | (Okawaru gifted it to you on level 3 of the Elven Halls)
 42674 | Elf:3    | Received a gift from Okawaru
 43593 | Elf:3    | Identified the amulet "Tunepy" {RegenMP Dex+3}
 43677 | Elf:3    | Acquired a manual of Throwing
 43752 | Elf:3    | Identified the +9 mace of Distraction {drain, *Slow Fly
                  | Int+3}
 43752 | Elf:3    | Identified the +2 robe of the Dice {Slay+2}
 43773 | Elf:3    | Reached skill level 24 in Fighting
 44330 | Elf:3    | Reached skill level 15 in Dodging
 44817 | Elf:3    | Got the Guidebook on the Winter and Command
 44832 | Elf:3    | Identified the +4 chain mail "Sicafo" {rElec Will- Dex+4}
 44862 | Elf:3    | Identified the +0 ring mail of Twilight {rF+}
 45294 | Vaults:1 | Entered Level 1 of the Vaults
 45400 | Vaults:1 | Identified the +4 battleaxe of Echipp {elec, rPois rF+++
                  | rC- rN+} (Okawaru gifted it to you on level 1 of the
                  | Vaults)
 45400 | Vaults:1 | Received a gift from Okawaru
 45715 | Vaults:1 | Reached XP level 22. HP: 186/222 MP: 30/30
 46015 | Vaults:1 | Identified the +1 scale mail "Appehoash" {rElec Str+4
                  | Int-4}
 46038 | Vaults:1 | Identified the +2 chain mail "Laisefof" {+Inv rElec rC+++
                  | Str-2} (Okawaru gifted it to you on level 1 of the Vaults)
 46038 | Vaults:1 | Received a gift from Okawaru
 47305 | Vaults:2 | You are sucked into a shaft and drop 2 floors!
 47325 | Vaults:4 | Received a gift from Okawaru
 47497 | Vaults:4 | Noticed Saint Roka
 47543 | Vaults:4 | Killed Saint Roka
 47630 | Vaults:4 | Received a gift from Okawaru
 47849 | Vaults:4 | Received a gift from Okawaru
 48169 | Vaults:4 | Identified the +0 robe "Nugam" {rF+ rC+ Stlth+} (Okawaru
                  | gifted it to you on level 4 of the Vaults)
 48169 | Vaults:4 | Received a gift from Okawaru
 48240 | Vaults:4 | Found a large runed translucent door.
 48241 | Vaults:4 | Found a large runed translucent door.
 48241 | Vaults:4 | Noticed Pelama's ghost (veteran FoCj)
 48242 | Vaults:4 | Found a large runed translucent door.
 48242 | Vaults:4 | Found a large runed translucent door.
 48242 | Vaults:4 | Found a large runed translucent door.
 48242 | Vaults:4 | Found a large runed translucent door.
 48243 | Vaults:4 | Found a large runed translucent door.
 48243 | Vaults:4 | Found a large runed translucent door.
 48297 | Vaults:4 | Reached XP level 23. HP: 173/232 MP: 31/31
 48974 | Vaults:2 | Found a staircase to the Crypt.
 49351 | Vaults:3 | Noticed Xtahua
 49368 | Vaults:3 | Killed Xtahua
 49369 | Vaults:3 | Reached skill level 25 in Fighting
 50260 | Vaults:3 | Received a gift from Okawaru
 50758 | Vaults:5 | Entered Level 5 of the Vaults
 51045 | Vaults:5 | Noticed a dread lich
 51058 | Vaults:5 | Identified the +11 shortbow "Woaso" {freeze, Drain rPois
                  | MP+9 Str+2}
 51084 | Vaults:5 | Noticed a dread lich
 51093 | Vaults:5 | Paralysed by a dread lich for 3 turns
 51098 | Vaults:5 | Identified the ring "Yleicw" {Fly rF+ Str+6}
 51103 | Vaults:5 | HP: 4/228 [stone giant (9)]
 51104 | Arena    | Entered the Arena
 51105 | Arena    | Slain by a stone giant

Illustrated notes

Levels and vault maps discovered:
D:1:      mrwooster_arrival_statue, layout_basic
D:2:      layout_basic, basic_altar, minmay_increasing_density
D:3:      layout_rooms
D:4:      layout_basic, minmay_temple_entry_stoned_glass,
          serial_co_window_serial, co_window_paths_b, co_window_paths_a,
          co_window_corner_a, co_window_of_opportunity_a, co_window_paths_a,
          co_window_broadway_c, co_window_broadway_c, co_window_unsneaky_path_a,
          co_window_corner_b, co_window_broadway_b, co_window_corner_b,
          co_window_paths_e, glass_columns_a, glass_columns_b, glass_columns_b,
          glass_columns_b, dreamdust_gnoll_farm, uniq_eustachio
D:5:      layout_loops_ring, nicolae_ashenzari_skybound,
          hangedman_decor_growths, uniq_ijyb
D:6:      layout_basic, uniq_sigmund
D:7:      mumra_celtic_spiral_tile, layout_loops_corners, serial_shops, shop,
          uniq_prince_ribbit1, uniq_pikel, uniq_maggie
D:8:      layout_basic, enter_bailey_5, roderic_batcave
D:9:      layout_roguey, trog_ov_bears_minmay, nicolae_yredelemnul_ghost_church
D:10:     layout_small_grid, mainiacjoe_overflow_cross_hatched,
          minmay_lair_entry_grove, nicolae_trove_entry_path_of_doom,
          kennysheep_generic_room_15
D:11:     cheibrodos_shockbox, layout_rooms, orc_0_dummy, uniq_erica, uniq_snorg
D:12:     layout_loops_corners, uniq_nessos, uniq_psyche
D:13:     layout_basic, kennysheep_slug_shrine
D:14:     layout_basic, hangedman_vaults_entry_quadrant_bands,
          minmay_misc_feat_enclosed
D:15:     grunt_enter_depths_snipers, layout_gridville, serial_shops,
          nicolae_shop_advertising_works [nicolae_subvault_shop_adworks],
          minmay_door_square, uniq_roxanne
Temple:   compressed_dpeg_circular_temple
Lair:1:   layout_hall_layers
Lair:2:   layout_gridlike, cheibrodos_lair_reptile_den
Lair:3:   wander_river, layout_cave_pods, elwin_shoals_entry_rocks,
          hellmonk_spider_entry_life_and_decay, ebering_ghost_rock_garden,
          tgw_fedhas
Lair:4:   layout_misc_corridors, gammafunk_ghost_berserking_beasts, special_room
          [special_room_mythical_zoo], kennysheep_snail_temple, uniq_urug
Lair:5:   cheibrodos_lair_end_hotspot, layout_concentric_octagons, slime_entry_1
Shoals:1: layout_shoals, portal_ice_cave_entry_frozen_things, serial_shops,
          nicolae_square_shop
Shoals:2: layout_shoals, nicolae_shop_clearance, uniq_polyphemus
Shoals:3: layout_shoals, nicolae_shoals_pincushion_passage
Shoals:4: shoals_end_simple, layout_shoals, uniq_kirke
Spider:1: layout_cave_pods, nicolae_spider_checkerboard
Spider:2: layout_spider_delve, drop_trap
Spider:3: layout_spider_delve, uniq_nikola, uniq_agnes, uniq_bai_suzhen
Spider:4: grunt_spider_rune_circles, hellmonk_ghost_happy_afterlife
Orc:1:    layout_caves, mines2_lemuel, uniq_erolcha, uniq_jorgrun
Orc:2:    st_orc_ogre_mass, layout_diamond_mine, basic_altar, serial_shops,
          bzr_firewalk, uniq_donald, uniq_rupert, uniq_azrael
Elf:1:    minmay_elf_arrival_summoners, layout_rooms, serial_shops,
          nicolae_shop_overgrown_old_shop, minivault_28
Elf:2:    nicolae_elf_blades_splatter_lattice
          [nicolae_blade_entry_diamond_columns], layout_geoelf_grid,
          serial_shops, bzr_in_the_mist, einodemon_armed_red_devil_minivault
Elf:3:    minmay_elf_hall_x, layout_geoelf_grid, grunt_ministairs_1
Vaults:1: ontoclasm_vaults_loading_screen, v_alt_pattern_3,
          hangedman_vaults_maws, nicolae_vaults_what_the_h,
          vaults_dpeg_encased_lava, nicolae_vaults_shelves_hall,
          hangedman_vaults_locks, nicolae_vaults_alarming,
          vaults_room_ringed_pool, hangedman_vaults_corner_blocks, v_misc_3,
          layout_vaults_maze_snakey
Vaults:2: minmay_crypt_entry_simple_box, vaults_mumra_minichess,
          ontoclasm_vaults_misaligned, nicolae_vaults_border_crossing,
          nicolae_vaults_little_ls, v_rooms_6, ontoclasm_vaults_twist, v_misc_4,
          v_misc_14, nicolae_vaults_little_squares_6, layout_vaults_omnigrid
Vaults:3: vaults_room_fancy_cross, v_misc_17, vaults_room_door_ring,
          nicolae_vaults_puzzle_piece, st_squares, hangedman_vaults_stitches,
          vaults_room_pool, nicolae_vaults_circle_grid_a,
          dpeg_vaults_monster_row, v_pattern_3, v_misc_17, v_misc_26,
          nicolae_vaults_angled_halls, vaults_mumra_chevron,
          layout_vaults_omnibox, uniq_xtahua
Vaults:4: advil_vaults_ghost_lines, dpeg_vaults_monster_box,
          hangedman_vaults_variations, v_misc_18, nicolae_vaults_angled_halls,
          vaults_room_pool, nicolae_vaults_three_branches, nicolae_vaults_theta,
          vaults_standard_mumra_lines, layout_vaults_big_room, uniq_saint_roka
Vaults:5: serial_shops, uniq_margery
Depths:1: layout_basic, enter_ziggurat_b, abyss_entry,
          kennysheep_big_empty_room, hell_entry, serial_shops,
          nicolae_shop_trees, okawaru_altar_gauntlet_db, serial_bayou_shore_a,
          grunt_megastairs_2
Depths:2: hangedman_spin_cycle, abyss_entry, hell_entry, pan_entry
Depths:3: evilmike_pillar_path, layout_cave_pools, abyss_entry_flame_altar,
          hell_entry, kennysheep_flooded_box
Depths:4: grunt_zot_entry_tricorne, layout_basic, hangedman_tar_grid_catacomb,
          worldfamousw_hep_ancestral_shrine, uniq_jory
Arena

Skill      XL: |  1  2  3  4  5  6  7  8  9 10 11 12 13 14 15 16 17 18 19 20 21 22 23 |
---------------+----------------------------------------------------------------------+-----
Fighting       | 4 5 7 8 9 11 13 15 17 19 20 21 22 23 24 25 | 25.4
Axes           | 3 4 5 6 8 9 10 11 12 14 15 16 17 18 19 20 21 22 23 | 23.1
Armour         | 4 5 6 8 9 11 12 13 14 15 16 17 18 19 20 21 22 23 | 23.1
Shields        | 4 5 6 7 8 9 10 11 12 13 14 15 16 17 18 19 | 19.7
Throwing       | 3 5 7 8 10 11 12 13 14 15 16 17 | 17.4
Dodging        | 2 4 5 6 7 8 9 10 11 13 14 15 16 17 | 17.1
Invocations    | 2 3 5 6 7 8 9 10 11 12 13 | 13.4

Action                   |  1- 3 |  4- 6 |  7- 9 | 10-12 | 13-15 | 16-18 | 19-21 | 22-24 || total
-------------------------+-------+-------+-------+-------+-------+-------+-------+-------++-------
Melee: War axe           |    61 |   125 |   272 |   585 |    27 |       |       |       ||  1070
       Headbutt          |    10 |    19 |    54 |   140 |   213 |   249 |   362 |   398 ||  1445
       Broad axe         |       |       |       |       |   808 |  1102 |  1228 |  1138 ||  4276
Throw: Dart              |       |     4 |    11 |    20 |    37 |       |       |       ||    72
       Boomerang         |       |       |       |    29 |     2 |   402 |   450 |    77 ||   960
       Javelin           |       |       |       |       |       |     9 |     2 |       ||    11
Invok: Finesse           |       |       |       |       |     1 |     2 |     1 |     2 ||     6
       Heroism           |       |       |       |       |       |     2 |     1 |       ||     3
       Duel              |       |       |       |       |       |       |       |     1 ||     1
  Use: Scroll            |       |       |     6 |    11 |    18 |     6 |     6 |     5 ||    52
       Potion            |       |       |       |       |       |     1 |       |     6 ||     7
 Stab: Petrifying        |       |       |       |       |     2 |       |       |       ||     2
       Petrified         |       |       |       |       |     1 |       |       |       ||     1
       Held in net/web   |       |       |       |       |       |     1 |       |       ||     1
       Distracted        |       |       |       |       |       |     1 |     2 |       ||     3
Armor: Scale mail        |    33 |    90 |   172 |   156 |       |       |       |       ||   451
       Plate armour      |       |       |       |   103 |   323 |   470 |       |       ||   896
       Crystal plate arm |       |       |       |       |       |   214 |   472 |   337 ||  1023
Dodge: Dodged            |    27 |    70 |   123 |   212 |   245 |   493 |   366 |   301 ||  1837
       Repelled          |       |       |       |       |     7 |     4 |     4 |       ||    15
Block: Buckler           |    19 |    35 |    73 |    87 |   317 |   379 |       |       ||   910
       Kite shield       |       |       |       |    87 |    54 |   157 |   424 |       ||   722
       Tower shield      |       |       |       |       |       |       |   388 |   886 ||  1274
